 Dungeon Crawl Stone Soup version 0.31-a0-1159-g800acc2fd1 (webtiles) character file.

Game seed: 641890236570197740

77 James the Ruffian (level 4, 0/28 HPs)
             Began as an Octopode Shapeshifter on Dec 8, 2023.
             Slain by Sigmund
             ... wielding a +2 scythe of flaming
              (1 damage)
             ... on level 2 of the Dungeon.
             The game lasted 00:03:51 (1495 turns).

James the Ruffian (Octopode Shapeshifter)           Turns: 1495, Time: 00:03:52

Health: 0/28       AC:  1    Str: 15    XL:     4   Next: 34%
Magic:  4/4        EV: 13    Int: 12    God:
Gold:   41         SH:  0    Dex: 11    Spells: 3/3 levels left

rFire   . .          .
                       - Unarmed
rCold   . . .        (no shield)
rNeg    . . .        (helmet currently unavailable)
rPois   .            (no amulet)
rElec   .            (no ring)
rCorr   .            (no ring)
SInv    .            (no ring)
Will    .....        (no ring)
Stlth   ++           (no ring)
HPRegen 0.24/turn    (no ring)
MPRegen 0.09/turn    (no ring)
                     (no ring)

%: no passive effects
@: beast-form
A: beast (slay +1), almost no armour, amphibious, 8 rings, camouflage 1,
gelatinous body 1, (nimble swimmer 1), tentacles
a: Begin Untransformation


You were on level 2 of the Dungeon.
You were a hulking beast.
You visited 1 branch of the dungeon, and saw 2 of its levels.

You collected 41 gold pieces.

Inventory:

Missiles
 f - 4 javelins
 m - 2 throwing nets {!f}
 o - 5 stones
Jewellery
 d - an amulet of faith {!P}
   (You found it on level 1 of the Dungeon)
Talismans
 b - a beast talisman
 c - a flux talisman
Scrolls
 e - a scroll of poison {unknown}
 h - a scroll of brand weapon {unknown}
 j - 2 scrolls of teleportation {@r4}
 k - a scroll of amnesia {unknown}
 l - a scroll of silence {unknown}
 n - a scroll of noise {unknown}
Potions
 a - a potion of lignification {!q}
 g - a potion of enlightenment {unknown}
 i - a potion of berserk rage {unknown}
 p - a potion of magic {unknown}


   Skills:
 - Level 1.0 Fighting
 - Level 2.0 Dodging
 + Level 5.0 Unarmed Combat
 - Level 3.0 Shapeshifting


You had 3 spell levels left.
You didn't know any spells.
Your spell library contained the following spells:

 Spells                   Type           Power      Damage    Failure   Level
 Static Discharge         Conj/Air       0%         3-3/arc   45%         2
 Airstrike                Air            0%         2d(0-16)  97%         4
 Summon Lightning Spire   Summ/Air       0%         N/A       97%         4


Dungeon Overview and Level Annotations

Branches:
Dungeon (2/15)

Altars:

Shops:
D:1 ?

Annotations:
D:2 Robin, Sigmund


Innate Abilities, Weirdness & Mutations

You are a hulking beast.
Your limbs bulge with bestial killing power. (Slay +1)
You cannot wear most types of armour.
You are amphibious.
You can wear up to eight rings at the same time.
Your skin changes colour to match your surroundings (Stealth+).
Your rubbery body absorbs attacks. (AC +1, EV +1)
((You are camouflaged when in or above water. (Stealth+)))
You have tentacles for arms and can constrict up to eight enemies at once.


Message History

a +0 club; a goblin corpse Unknown command.
Sigmund shouts!
You hear a shout! x3
A goblin comes into view. It is wielding a +0 club. x2
Sigmund points at you and mumbles some strange words.
You resist with some effort. Sigmund gestures at you while chanting.
You are confused.
You're too confused to move!
You bump into the rock wall.
Sigmund gestures at you while chanting. The magic dart hits you.
You're too confused to move!
You feel less confused.
Sigmund screams, "You will never...
NEVER!!!"
Sigmund points at you and mumbles some strange words.
You are confused.
You bump into the rock wall.
You bump into the rock wall.
Sigmund barely misses you.
You're too confused to move!
You bump into the rock wall.
You feel less confused. Sigmund gestures at you while chanting.
You are confused.
You bump into the rock wall.
Sigmund barely misses you.
You bump into the rock wall.
Sigmund barely misses you.
You bump into the rock wall.
Sigmund hits you with a +2 scythe of flaming.
Sigmund burns you.
You tentacle-slap Sigmund. Your squeeze misses Sigmund.
Sigmund barely misses you.
You closely miss Sigmund. Your squeeze misses Sigmund.
You bump into the rock wall.
You feel less confused.
Sigmund says, "Don't worry, I'll kill you fast."
Sigmund closely misses you.
You completely miss Sigmund. You grab Sigmund.
You constrict Sigmund, but do no damage.
Sigmund hits you with a +2 scythe of flaming!
* * * LOW HITPOINT WARNING * * *
Sigmund burns you.
* * * LOW HITPOINT WARNING * * *
You tentacle-slap Sigmund but do no damage.
You constrict Sigmund. You tentacle-slap Sigmund. You squeeze Sigmund.
You constrict Sigmund.
Sigmund hits you with a +2 scythe of flaming.
* * * LOW HITPOINT WARNING * * *
Sigmund burns you.
You die...
Sigmund begins carving another notch in his scythe.

##....#...## #..
##. #..#)##.###
##...gg ##.##.##.#
####.....
#..##.##.# #.....#
##.###.#..# ####.#
.#. #..# #.#.##
####....#
##.####.#.#
#...g####
#..###..#.####.####
#.###......h@g.#
#.###†.##.######
#.##......#
###.##..#####
#...#...#
#.###.#...#
#.###.#.#.#
#.##..#.#.#
#.#..##.# #


You could see Sigmund and a goblin.

Vanquished Creatures
  An iguana (D:2)
  2 adders (D:2)
  2 dart slugs (D:1)
  4 endoplasms
  2 giant cockroaches (D:1)
  3 goblins
  2 hobgoblins (D:1)
  A quokka (D:1)
  5 ball pythons
  2 bats (D:1)
  A frilled lizard (D:1)
  4 kobolds
29 creatures vanquished.

Notes
Turn   | Place    | Note
-------+----------+-------------------------------------------
     0 | D:1      | James the Octopode Shapeshifter began the quest for the
                  | Orb.
     0 | D:1      | Reached XP level 1. HP: 13/13 MP: 1/1
   280 | D:1      | Found Jaeheim's Magic Scroll Shop.
   412 | D:1      | Reached XP level 2. HP: 13/18 MP: 2/2
   914 | D:1      | Reached skill level 4 in Unarmed Combat
  1041 | D:1      | Reached XP level 3. HP: 19/23 MP: 3/3
  1154 | D:2      | Found a faded altar of an unknown god.
  1325 | D:2      | Reached XP level 4. HP: 28/28 MP: 4/4
  1336 | D:2      | Reached skill level 5 in Unarmed Combat
  1380 | D:2      | Noticed Robin
  1428 | D:2      | Noticed Sigmund
  1495 | D:2      | HP: 1/28 [Sigmund/+2 scythe of flaming (6)]
  1495 | D:2      | Slain by Sigmund

Illustrated notes

Levels and vault maps discovered:
D:1:      roderic_lyre, layout_loops_ring, serial_shops, shop,
          chequers_serial_rivers_small_3
D:2:      kennysheep_big_flooded_room, layout_rooms, basic_ecumenical_altar,
          uniq_sigmund, uniq_robin

Skill      XL: |  1  2  3  4 |
---------------+-------------+-----
Unarmed Combat | 4 5 |  5.0
Fighting       | |  1.0
Dodging        | |  2.0
Shapeshifting  | |  3.0

Action                     |  1- 3 |  4- 6 || total
---------------------------+-------+-------++-------
  Melee: Unarmed           |    46 |    12 ||    58
         Constrict         |    11 |     4 ||    15
         Tentacles         |    10 |     3 ||    13
         Punch             |     1 |     2 ||     3
    Use: Scroll            |     1 |       ||     1
   Stab: Sleeping          |     7 |       ||     7
 Armour: Skin              |    13 |     5 ||    18
  Dodge: Dodged            |    21 |     8 ||    29

Table legend: (Time is in decaauts)
 A = Elapsed time spent in this place.
 B = Non-inter-level travel time spent in this place.
 C = Inter-level travel time spent in this place.
 D = Time resting spent in this place.
 E = Time spent auto-exploring this place.
 F = Levels seen in this place.
 G = Mean time per level.
                   A        B        C        D        E       F      G
               +--------+--------+--------+--------+--------+-----+--------+
         Total |   1490 |   1415 |     75 |     82 |    991 |   2 |  745.0 |
       Dungeon |   1490 |   1415 |     75 |     82 |    991 |   2 |  745.0 |
               +--------+--------+--------+--------+--------+-----+--------+

Top non-repeatable levels by time:
     D:1: 1141 daAuts
     D:2: 348 daAuts
